 Dungeon Crawl Stone Soup version 0.29-a0-219-g0a02b1cf4f (console) character file.

Game seed: 14132234794244382557

33 jejorda2 the Shooter (level 3, -3/21 HPs)
             Began as a Tengu Hunter on Feb 25, 2022.
             Slain by an adder (4 damage)
             ... on level 4 of the Dungeon.
             The game lasted 00:02:08 (1100 turns).

jejorda2 the Shooter (Tengu Hunter)                 Turns: 1100, Time: 00:02:09

Health: -3/21      AC:  3    Str: 12    XL:     3   Next: 29%
Magic:  4/4        EV: 12    Int: 11    God:
Gold:   91         SH:  0    Dex: 16    Spells: 2/2 levels left

rFire   . . .      SeeInvis .   a - +1 shortbow
rCold   . . .      Faith    .   (shield currently unavailable)
rNeg    + . .      Spirit   .   b - +0 leather armour
rPois   .          Reflect  .   (helmet restricted)
rElec   .          Harm     .   (no cloak)
rCorr   .          Rampage  .   (no gloves)
Will    .....                   (boots unavailable)
Stlth   ++........              (no amulet)
HPRegen 0.07/turn               d - ring of positive energy
MPRegen 0.09/turn               (no ring)

@: brilliant, lethally poisoned (-3 -> -10)
A: beak, talons 3
a: no special abilities


You were on level 4 of the Dungeon.
You visited 1 branch of the dungeon, and saw 3 of its levels.

You collected 91 gold pieces.

Inventory:

Hand Weapons
 a - a +1 shortbow (weapon)
Missiles
 j - a throwing net
Armour
 b - a +0 leather armour (worn)
Jewellery
 d - a ring of positive energy (left hand)
Scrolls
 c - a scroll of identify {unknown}
 e - a scroll of summoning {unknown}
 f - a scroll of noise {unknown}
 g - a scroll of silence {unknown}
 i - 2 scrolls of immolation {unknown}
 k - a scroll of vulnerability {unknown}
 l - a scroll of teleportation {unknown}
 n - a scroll of blinking {unknown}
Potions
 h - a potion of brilliance
 m - a potion of mutation {unknown}


   Skills:
 - Level 2.0 Fighting
 * Level 5.2 Bows
 + Level 2.9 Dodging
 - Level 1.0 Stealth


You had 2 spell levels left.
You didn't know any spells.
Your spell library was empty.

Dungeon Overview and Level Annotations

Branches:
Dungeon (2/15)

Altars:
Dithmenos


Innate Abilities, Weirdness & Mutations

You have a beak for a mouth.
You have claws for feet.


Message History

The hobgoblin hits you but does no damage.
The adder misses you. The adder barely misses you. The adder misses you.
Shoot: a) +1 shortbow
Press: ? - help, Q - select action, (/) - cycle Shift-Dir - straight line, f/p - hobgoblin
Aim: a hobgoblin (heavily wounded, 64% to hit)
You shoot an arrow.
The arrow hits the adder but does no damage.
The adder bites you.
Shoot: a) +1 shortbow
Press: ? - help, Q - select action, (/) - cycle Shift-Dir - straight line, f/p - hobgoblin
Aim: a hobgoblin (heavily wounded, 64% to hit)
You shoot an arrow. The arrow barely misses the adder.
The arrow hits the hobgoblin.
You kill the hobgoblin!
The adder bites you.
You are poisoned.
The adder poisons you! The adder barely misses you.
Shoot: a) +1 shortbow
Press: ? - help, Q - select action, (/) - cycle Shift-Dir - straight line, f - adder
Aim: an adder (48% to hit)
You shoot an arrow. The arrow barely misses the adder.
You feel sick. The adder bites you. x2
You are lethally poisoned!
The adder poisons you!
Shoot: a) +1 shortbow
Press: ? - help, Q - select action, (/) - cycle Shift-Dir - straight line, f/p - adder
Aim: an adder (48% to hit)
You shoot an arrow. The arrow hits the adder.
The adder is lightly wounded.
* * * LOW HITPOINT WARNING * * *
You feel very sick. The adder bites you.
* * * LOW HITPOINT WARNING * * *
It was a potion of brilliance.
You feel clever all of a sudden.
* * * LOW HITPOINT WARNING * * *
You feel sick. The adder bites you.
You die...

.. ..... ...........
###.##...#.# ....#... .... #
........#.# #.........##.###
#..#...#.##.................
#.###..#....... .......
....... .........#.#.## .....
. ....... .....#.#......# ...
... .###### ...
+........##.#..... #... .
#.###....S@....... #.##
#.####..###.#.#....#.# #.##
###.......#...#.#....#.###...
..........#.###.#............
###.####.##.###.#............
# #........#...........#
#.#####.#..................
##.......#.^...............#
.......................###..


You could see an adder.

Vanquished Creatures
  An adder (D:2)
  2 endoplasms (D:1)
  A giant cockroach (D:1)
  2 goblins (D:1)
  6 hobgoblins
  A ball python (D:1)
  3 bats (D:1)
  2 kobolds
  6 rats
24 creatures vanquished.

Notes
Turn   | Place    | Note
-------+----------+-------------------------------------------
     0 | D:1      | jejorda2 the Tengu Hunter began the quest for the Orb.
     0 | D:1      | Reached XP level 1. HP: 12/12 MP: 2/2
   157 | D:1      | Found a faded altar of an unknown god.
   177 | D:1      | Reached XP level 2. HP: 17/17 MP: 3/3
   246 | D:1      | Found a shadowy altar of Dithmenos.
   330 | D:1      | Reached skill level 5 in Bows
   938 | D:2      | Reached XP level 3. HP: 17/21 MP: 4/4
   939 | D:2      | You fall into a shaft and drop 2 floors!
  1100 | D:4      | HP: 1/21 [poisoned by an adder]
  1100 | D:4      | Slain by an adder

Illustrated notes

Levels and vault maps discovered:
D:1:      saegor_arrival_fortress, layout_rooms,
          shapermc_ecumenical_altar_starsandcircs, minmay_hexomino_r4
D:2:      layout_basic, serial_shops, shop, uniq_sigmund
D:4:      layout_basic, serial_shops, kennysheep_mini_moat

Skill      XL: |  1  2 |
---------------+-------+-----
Bows           | 5 |  5.2
Fighting       | |  2.0
Dodging        | |  2.9
Stealth        | |  1.0

Action                   || total
-------------------------++-------
 Fire: Shortbow          ||    80
  Use: Potion            ||     1
Armor: Leather armour    ||    14
Dodge: Dodged            ||    24

Table legend: (Time is in decaauts)
 A = Elapsed time spent in this place.
 B = Non-inter-level travel time spent in this place.
 C = Inter-level travel time spent in this place.
 D = Time resting spent in this place.
 E = Time spent auto-exploring this place.
 F = Levels seen in this place.
 G = Mean time per level.
                   A        B        C        D        E       F      G
               +--------+--------+--------+--------+--------+-----+--------+
         Total |   1124 |   1088 |     36 |      0 |    917 |   3 |  374.7 |
       Dungeon |   1124 |   1088 |     36 |      0 |    917 |   3 |  374.7 |
               +--------+--------+--------+--------+--------+-----+--------+

Top non-repeatable levels by time:
     D:1: 664 daAuts
     D:2: 296 daAuts
     D:4: 163 daAuts
